 Dungeon Crawl Stone Soup version 0.23.0-3-gf3c87f2df8 (webtiles) character file.

Game seed: 11169250385681822765

51 Ivernyr the Insei (level 3, 0/25 HPs)
             Began as a Vine Stalker Transmuter on Feb 22, 2019.
             Succumbed to an adder's poison
             ... on level 2 of the Dungeon.
             The game lasted 00:03:57 (1478 turns).

Ivernyr the Insei (Vine Stalker Transmuter)         Turns: 1478, Time: 00:03:58

Health: 0/25       AC: 21    Str: 12    XL:     3   Next: 83%
Magic:  3/8        EV:  2    Int: 14    God:
Gold:   62         SH:  0    Dex: 14    Spells: 1/7 levels left

rFire    . . .     SeeInvis .     - Unarmed
rCold    . . .     Gourm    .   (no shield)
rNeg     + + +     Faith    .   (armour currently unavailable)
rPois    +         Spirit   +   (helmet currently unavailable)
rElec    .         Reflect  .   (cloak currently unavailable)
rCorr    .         Harm     .   (gloves currently unavailable)
MR       .....     NoTele   +   (boots currently unavailable)
Stlth    +.........             (no amulet)
HPRegen  0.08/turn              (no ring)
MPRegen  0.11/turn              (no ring)

@: lethally poisoned (0 -> -10), tree-form
A: magic shield, no potion heal 3, rot immunity
a: no special abilities


You were on level 2 of the Dungeon.
You were not hungry.
You were a tree.
You visited 1 branch of the dungeon, and saw 2 of its levels.

You collected 62 gold pieces.

Inventory:

Missiles
 a - 26 arrows
Armour
 b - a +0 robe (melded)
Scrolls
 e - 2 scrolls of teleportation {unknown}
 f - 3 scrolls of identify {unknown}
 h - 2 scrolls of remove curse {unknown}
Potions
 c - a potion of ambrosia {unknown}
 g - a potion of flight {unknown}
 i - 2 potions of heal wounds
Comestibles
 d - 4 rations
 k - a chunk of flesh


   Skills:
 - Level 0.8 Fighting
 + Level 2.0 Dodging
 + Level 3.3 Unarmed Combat
 + Level 2.6 Spellcasting
 * Level 2.9 Transmutations


You had one spell level left.
You knew the following spells:

 Your Spells              Type           Power        Failure   Level  Hunger
a - Beastly Appendage     Tmut           ##....       7%          1    #......
b - Sticks to Snakes      Tmut           ##......     10%         2    ###....
c - Spider Form           Tmut/Pois      #.........   36%         3    ###....

Your spell library contained the following spells:

 Spells                   Type           Power        Failure   Level  Hunger
 Ice Form                 Ice/Tmut       #.......     77%         4    #####..
 Blade Hands              Tmut           ##........   88%         5    ######.


Dungeon Overview and Level Annotations

Branches:
Dungeon (2/15)

Altars:


Innate Abilities, Weirdness & Mutations

((You have extremely sharp teeth.))
When hurt, damage is shared between your health and your magic reserves.
((Your bite disrupts and absorbs the magic of your enemies.))
Potions cannot restore your health.
You are immune to rotting.


Message History

The adder bites you.
You hit the adder.
The adder is almost dead.
* * * LOW HITPOINT WARNING * * *
You feel sick. The adder barely misses you. The adder bites you.
* * * LOW HITPOINT WARNING * * *
You are more poisoned.
The adder poisons you!
You hit the adder.
You kill the adder!
* * * LOW HITPOINT WARNING * * *
You feel sick.
Unknown command.
It was a potion of heal wounds.
That seemed strangely inert.
* * * LOW HITPOINT WARNING * * *
You feel sick.
It was a potion of lignification.
You turn into a tree.
Your +0 robe melds into your body.
Your roots penetrate the ground.
There is a lethal amount of poison in your body!
You die...

#.#.#####.########
....÷............#
#.#.#####.######.#
#....## #.# #.#
#.....###.# #.#
#.........# #.#
###.####### #.#
#.# #.# #.# #♣#
#+# ##†#####
#......# #..###.#
#..# # #......#
..S....#.#
###.......
##.###(##


There were no monsters in sight!

Vanquished Creatures
  An adder (D:2)
  A dart slug (D:1)
  2 leopard geckos
  4 giant cockroaches
  2 goblins
  4 hobgoblins (D:1)
  7 kobolds (D:1)
  2 ball pythons (D:1)
  5 bats (D:1)
  5 frilled lizards (D:1)
  2 rats
35 creatures vanquished.

Notes
Turn   | Place    | Note
-------+----------+-------------------------------------------
     0 | D:1      | Ivernyr the Vine Stalker Transmuter began the quest for the
                  | Orb.
     0 | D:1      | Reached XP level 1. HP: 9/9 MP: 4/4
   223 | D:1      | Reached XP level 2. HP: 11/14 MP: 6/6
   227 | D:1      | Learned a level 2 spell: Sticks to Snakes
   852 | D:1      | Reached XP level 3. HP: 12/17 MP: 3/7
   857 | D:1      | Learned a level 3 spell: Spider Form
  1478 | D:2      | Succumbed to an adder's poison

Skill      XL: |  1  2  3 |
---------------+----------+-----
Dodging        | 2 |  2.0
Fighting       | |  0.8
Unarmed Combat | |  3.3
Spellcasting   | |  2.6
Transmutations | |  2.9

Action                   || total
-------------------------++-------
Melee: Unarmed           ||   124
       Kick              ||     8
       Bite              ||    26
       Headbutt          ||     1
 Cast: Beastly Appendage ||     5
  Use: Potion            ||     2
 Stab: Sleeping          ||     1
  Eat: Chunk             ||     2
Armor: Robe              ||    20
Dodge: Dodged            ||    73
